 Dungeon Crawl Stone Soup version 0.31-a0-986-g5e6e4ef867 (webtiles) character file.

Game seed: 12852651602006404782

447 wildpjah the Poker (level 7, -20/51 HPs)
             Began as a Merfolk Shapeshifter on Nov 18, 2023.
             Was an Initiate of Trog.
             Demolished by an ogre
             ... wielding a +0 giant club
              (24 damage)
             ... on level 4 of the Dungeon.
             The game lasted 00:03:51 (2303 turns).

wildpjah the Poker (Merfolk Shapeshifter)           Turns: 2303, Time: 00:03:52

Health: -20/51     AC:  2    Str: 15    XL:     7   Next: 3%
Magic:  7/7        EV: 13    Int:  9    God:    Trog [......]
Gold:   197        SH:  0    Dex: 15    Spells: 6/6 levels left

rFire   . . .        p - +6 scythe (pain)
rCold   . . .        (shield currently unavailable)
rNeg    . . .        a - +0 animal skin
rPois   .            (helmet currently unavailable)
rElec   .            (cloak currently unavailable)
rCorr   +            (gloves currently unavailable)
SInv    .            (boots currently unavailable)
Will    .....        (no amulet)
Stlth   ++           q - ring of resist corrosion
HPRegen 0.28/turn    (no ring)
MPRegen 0.10/turn

%: no passive effects
@: beast-form
A: beast (slay +3), (nimble swimmer 2), mertail
a: Begin Untransformation, Renounce Religion


You were on level 4 of the Dungeon.
You worshipped Trog.
Trog was noncommittal.
You were a hulking beast.
You visited 1 branch of the dungeon, and saw 4 of its levels.

You collected 197 gold pieces.

Inventory:

Hand Weapons
 i - a +0 dagger
 k - the +7 spear of Vanity {freeze, Fly Int+4}
   (You found it on level 2 of the Dungeon)

   Int+4:     It affects your intelligence (+4).
   Fly:       It grants you flight.
 p - a +6 scythe of pain (weapon)
Armour
 a - a +0 animal skin (worn)
Jewellery
 q - a ring of resist corrosion (left hand)
Talismans
 c - a beast talisman
 d - a flux talisman
Scrolls
 e - a scroll of identify {unknown}
 f - a scroll of fear {unknown}
 j - a scroll of brand weapon {unknown}
 l - a scroll of immolation {unknown}
 m - a scroll of silence {unknown}
Potions
 b - a potion of lignification
 g - a potion of heal wounds {unknown}
 h - a potion of attraction {unknown}
 n - a potion of curing {unknown}
 o - a potion of cancellation {unknown}


   Skills:
 + Level 2.6 Fighting
 + Level 0.2 Short Blades
 + Level 5.4 Polearms
 + Level 4.2 Dodging
 + Level 2.3 Stealth
 + Level 4.0 Unarmed Combat
 + Level 5.3 Shapeshifting


You had 6 spell levels left.
You didn't know any spells.
Your spell library contained the following spells:

 Spells                   Type           Power      Damage    Failure   Level
 Olgreb's Toxic Radiance  Pois           0%         N/A       99%         4
 Discord                  Hex            0%         N/A       100%        8
 Ignition                 Fire           0%         3d3       100%        8


Dungeon Overview and Level Annotations

Branches:
Dungeon (4/15)
 Temple: D:4-7

Altars:
Trog
Xom
Yredelemnul


Innate Abilities, Weirdness & Mutations

You are a hulking beast.
Your limbs bulge with bestial killing power. (Slay +3)
((You are very nimble when in or above water. (Stealth+, EV+, Speed+++)))
Your lower body shifts to a powerful aquatic tail in water.


Message History

Trog accepts your kill.
No target in view!
No target in view!
No target in view!
No target in view!
No target in view!
No target in view!
Found a stone staircase leading down.
You now have 197 gold pieces (gained 15).
Found a club.
An endoplasm comes into view.
You reach to attack!
The helpless endoplasm fails to defend itself.
You hit the endoplasm.
You kill the endoplasm!
Trog accepts your kill.
No target in view!
No target in view!
No target in view!
No target in view!
No target in view!
No target in view!
No target in view!
An ogre, an orc priest and an orc come into view.
Found a stone staircase leading down.
The orc priest shouts!
The orc shouts!
The ogre shouts!
The orc priest mumbles some strange prayers to Beogh against you.
Beogh smites you!
You hear a shout! x2
You barely miss the ogre.
An orc comes into view. It is wielding a +0 short sword.
The orc priest miscasts a cantrip.
The ogre hits you with a +0 giant club! The ogre attacks as it pursues you!
The ogre hits you with a +0 giant club!!
* * * LOW HITPOINT WARNING * * *
You puncture the ogre!
The ogre is heavily wounded.
The ogre hits you with a +0 giant club!!
You die...

#.# #.# # #.# #.# #. ##
#.# #.# o##. #.# #.#
o>.###########.# #.#
#.o#...........####.#
#o.#..######.......).
#####.o##.#..............
.......Oh.........######.
###.........####### #.
+................ #.
#..............## #.
#..............# #.
#..............# ####.
###+###........# #.... #.
########## #.### .###.
#.#


You could see an ogre and 2 orcs.

Vanquished Creatures
  Sigmund (D:3)
  A phantom (D:3)
  An orc priest (D:3)
  An orc wizard (D:3)
  3 gnolls (D:3)
  4 adders
  3 worms
  3 dart slugs
  6 orcs (D:3)
  6 endoplasms
  3 hobgoblins
  8 jackals
  8 kobolds
  4 quokkas
  5 ball pythons
  6 bats
  2 frilled lizards (D:2)
  5 goblins
  7 rats
77 creatures vanquished.

Notes
Turn   | Place    | Note
-------+----------+-------------------------------------------
     0 | D:1      | wildpjah the Merfolk Shapeshifter began the quest for the
                  | Orb.
     0 | D:1      | Reached XP level 1. HP: 15/15 MP: 1/1
   159 | D:1      | Reached XP level 2. HP: 16/21 MP: 2/2
   503 | D:1      | You fall into a shaft and drop 1 floor!
   528 | D:2      | Reached XP level 3. HP: 19/26 MP: 3/3
   645 | D:2      | Identified the +7 spear of Vanity {freeze, Fly Int+4}
   729 | D:2      | Found a shimmering altar of Xom.
   763 | D:2      | Reached skill level 5 in Shapeshifting
   786 | D:2      | Reached XP level 4. HP: 31/32 MP: 4/4
  1100 | D:2      | Reached skill level 1 in Stealth
  1263 | D:3      | Reached skill level 1 in Polearms
  1316 | D:3      | Noticed a phantom
  1323 | D:3      | Killed a phantom
  1324 | D:3      | Reached XP level 5. HP: 38/38 MP: 5/5
  1364 | D:3      | Found a bloodstained altar of Trog.
  1446 | D:3      | Became a worshipper of Trog the Wrathful
  1499 | D:3      | Noticed Sigmund
  1502 | D:3      | Killed Sigmund
  1503 | D:3      | Reached XP level 6. HP: 26/44 MP: 6/6
  1523 | D:3      | Reached skill level 5 in Polearms
  1889 | D:3      | Reached XP level 7. HP: 51/51 MP: 7/7
  1981 | D:3      | Found a basalt altar of Yredelemnul.
  2303 | D:4      | Demolished by an ogre

Illustrated notes

Levels and vault maps discovered:
D:1:      dpeg_chamrin_arrival_tetris, layout_basic,
          shapermc_ecumenical_altar_notcrosses
D:2:      layout_basic, basic_altar, serial_bayou_lake_a
D:3:      layout_basic, mainiacjoe_overflow_catch_the_wave, corexii_shack,
          uniq_sigmund
D:4:      layout_basic, nicolae_gozag_seed_capital, minivault_11

Skill      XL: |  1  2  3  4  5  6 |
---------------+-------------------+-----
Dodging        | 3 4 |  4.2
Shapeshifting  | 5 |  5.3
Unarmed Combat | 4 |  4.0
Stealth        | 1 2 |  2.3
Polearms       | 3 4 5 |  5.4
Fighting       | 2 |  2.6
Short Blades   | |  0.2

Action                     |  1- 3 |  4- 6 |  7- 9 || total
---------------------------+-------+-------+-------++-------
  Melee: Unarmed           |    53 |       |       ||    53
         Punch             |     2 |     2 |       ||     4
         Spear             |    20 |    67 |       ||    87
         Dagger            |     7 |       |       ||     7
         Halberd           |       |     8 |    16 ||    24
   Stab: Sleeping          |     2 |     3 |     3 ||     8
         Distracted        |       |     1 |       ||     1
 Armour: Animal skin       |    46 |    15 |     7 ||    68
  Dodge: Dodged            |    46 |    43 |     8 ||    97

Table legend: (Time is in decaauts)
 A = Elapsed time spent in this place.
 B = Non-inter-level travel time spent in this place.
 C = Inter-level travel time spent in this place.
 D = Time resting spent in this place.
 E = Time spent auto-exploring this place.
 F = Levels seen in this place.
 G = Mean time per level.
                   A        B        C        D        E       F      G
               +--------+--------+--------+--------+--------+-----+--------+
         Total |   2270 |   2238 |     32 |      0 |   1795 |   4 |  567.5 |
       Dungeon |   2270 |   2238 |     32 |      0 |   1795 |   4 |  567.5 |
               +--------+--------+--------+--------+--------+-----+--------+

Top non-repeatable levels by time:
     D:3: 994 daAuts
     D:2: 711 daAuts
     D:1: 500 daAuts
     D:4: 64 daAuts
